 Dungeon Crawl Stone Soup version 0.31-a0-236-g9a0961fb85 (webtiles) character file.

Game seed: 392936381287947108

494 holysushi the Insei (level 7, -4/45 HPs)
             Began as an Octopode Transmuter on July 10, 2023.
             Succumbed to a gnoll's poison
             ... on level 4 of the Dungeon.
             The game lasted 00:09:12 (3932 turns).

holysushi the Insei (Octopode Transmuter)           Turns: 3932, Time: 00:09:13

Health: -4/45      AC:  2    Str: 10    XL:     7   Next: 15%
Magic:  8/10       EV: 21    Int: 15    God:
Gold:   204        SH:  0    Dex: 19    Spells: 4/10 levels left

rFire   . .          .
                       - Unarmed
rCold   . . .        (shield currently unavailable)
rNeg    . . .        (helmet currently unavailable)
rPois   x            (no amulet)
rElec   .            (no ring)
rCorr   .            (no ring)
SInv    .            (no ring)
Will    .....        (no ring)
Stlth   ++           (no ring)
HPRegen 0.27/turn    (no ring)
MPRegen 0.12/turn    (no ring)
                     (no ring)

%: no passive effects
@: lethally poisoned (-4 -> -53), spider-form (expiring)
A: venomous fangs, almost no armour, (amphibious), 8 rings, tiny, (camouflage
1), (gelatinous body 1), (nimble swimmer 1), (tentacles)
a: End Transformation


You were on level 4 of the Dungeon.
You were a venomous arachnid creature.
You visited 1 branch of the dungeon, and saw 4 of its levels.

You collected 204 gold pieces.

Inventory:

Missiles
 l - 3 throwing nets
Jewellery
 k - a ring of wizardry
 p - a ring of resist corrosion
Scrolls
 c - 2 scrolls of fog {unknown}
 d - 6 scrolls of identify {unknown}
 e - 3 scrolls of blinking {unknown}
 g - 2 scrolls of silence {unknown}
 h - a scroll of enchant armour {unknown}
 m - a scroll of immolation {unknown}
Potions
 a - a potion of lignification
 b - a potion of mutation {unknown}
 f - 5 potions of curing {unknown}
 i - a potion of heal wounds {unknown}
 j - a potion of cancellation {unknown}
 n - 3 potions of attraction {unknown}
 o - a potion of invisibility {unknown}


   Skills:
 - Level 2.0 Fighting
 + Level 3.7 Dodging
 - Level 2.0 Stealth
 * Level 5.5 Unarmed Combat
 - Level 2.0 Spellcasting
 + Level 3.7 Transmutations
 - Level 2.0 Poison Magic


You had 4 spell levels left.
You knew the following spells:

 Your Spells              Type           Power      Damage    Failure   Level
a - Beastly Appendage     Tmut           24%        N/A       14%         1
b - Wereblood             Tmut           12%        N/A       21%         2
c - Spider Form           Tmut/Pois      10%        N/A       41%         3

Your spell library contained the following spells:

 Spells                   Type           Power      Damage    Failure   Level
 Magic Dart               Conj           4%         1d3       43%         1
 Cigotuvi's Dreadful Rot  Necr/Pois/Air  6%         N/A       47%         2
 Call Imp                 Summ           2%         N/A       54%         2
 Ensorcelled Hibernation  Hex/Ice        2%         N/A       54%         2
 Mephitic Cloud           Conj/Pois/Air  3%         N/A       67%         3
 Ozocubu's Armour         Ice            1%         N/A       75%         3
 Summon Guardian Golem    Hex/Summ       1%         N/A       75%         3
 Vampiric Draining        Necr           1%         2d6       75%         3
 Ice Form                 Ice/Tmut       7%         N/A       87%         4
 Anguish                  Hex/Necr       0%         N/A       98%         4
 Dispel Undead            Necr           1%         3d6       98%         4
 Orb of Destruction       Conj           0%         9d5       100%        7
 Ozocubu's Refrigeration  Ice            0%         4d7       100%        7
 Spellforged Servitor     Conj/Summ      0%         N/A       100%        7


Dungeon Overview and Level Annotations

Branches:
Dungeon (4/15) Zot: 20075
 Temple: D:4-7

Altars:
Kikubaaqudgha
Makhleb

Annotations:
D:2 1 runed translucent door, Crazy Yiuf


Innate Abilities, Weirdness & Mutations

You are a venomous arachnid creature.
You have venomous fangs.
You are tiny and dextrous.
Your spellcasting is less reliable in this form.
Your armour is entirely melded.
You are incapable of wielding weapons or throwing items.
You cannot wear most types of armour.
((You are amphibious.))
You can wear up to eight rings at the same time.
((Your skin changes colour to match your surroundings (Stealth+).))
((Your rubbery body absorbs attacks. (AC +1, EV +1)))
((You are camouflaged when in or above water. (Stealth+)))
((You have tentacles for arms and can constrict up to eight enemies at once.))


Message History

You start resting.
HP restored.
Unknown command.
You see here a +0 club.
There is a stone staircase leading down here.
Casting: Spider Form (dangerous; 21% risk of failure)
Confirm with . or Enter, or press ? or * to list all spells.
You turn into a venomous arachnid creature.
Unknown command.
Unknown command.
There is a stone staircase leading down here.
Unknown command.
You climb downwards.
The gnoll throws a poisoned dart.
The poisoned dart misses you.
The gnoll throws a poisoned dart.
The poisoned dart misses you.
There is a stone staircase leading up, spattered with blood here.
Press: ? - help, v - describe, . - travel
Here: a gnoll, wielding a +2 spear of venom and quivering poisoned darts The floor.
Unknown command.
The gnoll completely misses you.
The gnoll hits you with a +2 spear of venom!
You are poisoned.
You barely miss the gnoll.
Your transformation is almost over.
You feel very sick.
The gnoll hits you with a +2 spear of venom!
You are lethally poisoned!
Welcome back, holysushi the Octopode Transmuter.
Press ? for a list of commands and other information.
Unknown command.
Unknown command.
The gnoll attacks as you move away! The gnoll completely misses you.
The gnoll attacks as you move away! The gnoll completely misses you.
* * * LOW HITPOINT WARNING * * *
You feel extremely sick.
The gnoll throws a poisoned dart.
The poisoned dart barely misses you. The gnoll attacks as you move away!
The gnoll hits you with a +0 whip.
* * * LOW HITPOINT WARNING * * *
You die...

..........###.#.#
###.###.#.......#
#.####.#### ... #.# ##.. #.#
#..# #.# #..# #.#
############# ##>.# #.#
#..........s##....# #.#
##.####)..g.?......# #.#
##...###..g###'####.# #.#
####.....#...####⌠.⌠.#.###.#
..........#.##.##....#.....#
####.....#..8...#._..#...###
..........)...).#....#...#
######.####.....#....#.#.#
### #g8...#._..#.#.#


You could see 2 gnolls.

Vanquished Creatures
  A black bear (D:4)
  A howler monkey (D:4)
  3 orc priests (D:4)
  2 orc wizards (D:4)
  Robin (D:2)
  5 gnolls
  6 adders
  An ufetubus (D:3)
  A worm (D:3)
  2 dart slugs
  10 orcs
  7 endoplasms
  3 giant cockroaches
  14 hobgoblins
  4 jackals (D:2)
  2 quokkas
  3 ball pythons
  5 bats
  3 frilled lizards
  12 goblins
  3 kobolds
  9 rats
98 creatures vanquished.

Notes
Turn   | Place    | Note
-------+----------+-------------------------------------------
     0 | D:1      | holysushi the Octopode Transmuter began the quest for the
                  | Orb.
     0 | D:1      | Reached XP level 1. HP: 13/13 MP: 3/3
   195 | D:1      | Reached XP level 2. HP: 13/18 MP: 3/5
   508 | D:1      | Got Sif Muna's Compendium of Dark Deeds and the Tundra
   936 | D:2      | Noticed Robin
  1079 | D:2      | Reached XP level 3. HP: 18/23 MP: 4/6
  1121 | D:2      | Reached skill level 1 in Stealth
  1216 | D:2      | Killed Robin
  1328 | D:2      | Reached XP level 4. HP: 25/29 MP: 7/7
  1465 | D:2      | Found a faded altar of an unknown god.
  1633 | D:2      | Found a runed translucent door.
  1634 | D:2      | Noticed Crazy Yiuf
  1854 | D:3      | Learned a level 2 spell: Wereblood
  1858 | D:3      | Learned a level 3 spell: Spider Form
  2401 | D:3      | Reached skill level 4 in Unarmed Combat
  2416 | D:3      | Reached XP level 5. HP: 19/34 MP: 6/8
  2711 | D:4      | Noticed a black bear
  2723 | D:4      | Killed a black bear
  2724 | D:4      | Reached skill level 1 in Poison Magic
  2724 | D:4      | Reached XP level 6. HP: 31/39 MP: 6/9
  3065 | D:4      | Found a burning altar of Makhleb.
  3099 | D:4      | Found an ancient bone altar of Kikubaaqudgha.
  3327 | D:4      | Reached skill level 5 in Unarmed Combat
  3524 | D:4      | Reached XP level 7. HP: 31/45 MP: 6/10
  3932 | D:4      | Succumbed to a gnoll's poison

Illustrated notes

Levels and vault maps discovered:
D:1:      dpeg_arrival_short_road, layout_basic, chequers_arboretum,
          minmay_misc_feat_iff
D:2:      layout_rooms, shapermc_ecumenical_altar_mp_urbaneastern, uniq_robin,
          uniq_crazy_yiuf_cottage
D:3:      minmay_chambers_of_twos, layout_rooms
D:4:      cheibrodos_pilgrimage, layout_loops_ring, jmf_multi_god_temple

Skill      XL: |  1  2  3  4  5  6 |
---------------+-------------------+-----
Stealth        | 1 2 |  2.0
Fighting       | 2 |  2.0
Unarmed Combat | 4 5 |  5.5
Dodging        | 3 |  3.7
Transmutations | 3 |  3.7
Poison Magic   | 1 2 |  2.0
Spellcasting   | |  2.0

Action                     |  1- 3 |  4- 6 |  7- 9 || total
---------------------------+-------+-------+-------++-------
  Melee: Unarmed           |    64 |   132 |    15 ||   211
         Constrict         |    20 |    23 |       ||    43
         Kick              |    21 |    26 |       ||    47
         Tentacles         |    13 |    14 |       ||    27
         Punch             |     1 |     4 |       ||     5
   Cast: Beastly Appendage |    17 |    20 |       ||    37
         Spider Form       |       |     9 |     4 ||    13
Ability: End Transformatio |       |     3 |     4 ||     7
   Stab: Sleeping          |     5 |    12 |       ||    17
         Distracted        |       |     1 |       ||     1
 Armour: Skin              |     4 |     6 |     1 ||    11
  Dodge: Dodged            |    41 |    96 |    14 ||   151

Table legend: (Time is in decaauts)
 A = Elapsed time spent in this place.
 B = Non-inter-level travel time spent in this place.
 C = Inter-level travel time spent in this place.
 D = Time resting spent in this place.
 E = Time spent auto-exploring this place.
 F = Levels seen in this place.
 G = Mean time per level.
                   A        B        C        D        E       F      G
               +--------+--------+--------+--------+--------+-----+--------+
         Total |   3925 |   3786 |    139 |    909 |   1887 |   4 |  981.2 |
       Dungeon |   3925 |   3786 |    139 |    909 |   1887 |   4 |  981.2 |
               +--------+--------+--------+--------+--------+-----+--------+

Top non-repeatable levels by time:
     D:3: 1341 daAuts
     D:1: 1116 daAuts
     D:2: 751 daAuts
     D:4: 714 daAuts
